AoeStats
← DKing

Arena

509305041Analyzed
4v4 RM · 6d ago on Sep 26, 2026· 32m 59s· 8 players
Game mode
Random Map
Map size
Large (8 player)
Population
200
Speed
Normal
Resources
Standard
Victory
Conquest
Starting age
Dark Age
Ending age
Imperial Age
RankedLock teamsTeams togetherTeam positionsShared explorationLock speedFull tech treeHidden civsTurbo modeCheats
Victory
Defeat
🇹🇼 Persians · Taiwan
1401
+11
🇨🇳 Italians · China
1365
+13
🇻🇳 Huns · Vietnam
1354
+13
🇦🇺 Varangians · Australia
1265
+17
🇮🇹 Goths · Italy
1323
-15
🇵🇹 Hindustanis · Portugal
1280
-13
1278
-13
🇳🇿 Danes · New Zealand
1277
-13
DKing
4:59 Loom
10:29 Feudal Age
14:29 Castle Age
12:49 Double-Bit Axe
13:38 Horse Collar
18:37 Bow Saw
20:25 Wheelbarrow
20:27 Heavy Plow
22:23 Pikeman
23:57 Town Watch
24:12 Gold Mining
26:47 Hand Cart
32:10 Imperial Age
31:48 Bloodlines
31:38 Husbandry
31:45 Scale Barding Armor
31:51 Forging
34:00 Chemistry
32:22 Heavy Camel Rider
34:19 Two-Man Saw
MLT | Bombad Gastald
6:38 Loom
11:22 Feudal Age
15:19 Castle Age
13:13 Double-Bit Axe
14:11 Horse Collar
16:50 Bow Saw
20:40 Scale Mail Armor
22:10 Heavy Plow
28:40 Squires
Сергей Петрович
10:14 Feudal Age
10:58 Double-Bit Axe
10:58 Horse Collar
17:58 Wheelbarrow
20:00 Castle Age
19:19 Stone Mining
20:32 Gold Mining
23:45 Fletching
24:14 Padded Archer Armor
27:58 Imperial Age
27:12 Bodkin Arrow
28:48 Wheelbarrow
29:03 Conscription
Don Gio
10:54 Feudal Age
14:30 Castle Age
13:48 Double-Bit Axe
13:44 Horse Collar
15:27 Bow Saw
15:30 Heavy Plow
19:34 Wheelbarrow
18:51 Town Watch
20:01 Gold Mining
21:10 Scale Mail Armor
21:25 Forging
25:34 Hand Cart
27:12 Loom
28:43 Chain Mail Armor
joe08957
10:47 Feudal Age
14:18 Castle Age
12:06 Double-Bit Axe
12:03 Horse Collar
16:36 Bow Saw
20:58 Wheelbarrow
21:47 Gold Mining
23:44 Gold Shaft Mining
23:50 Gold Shaft Mining
23:27 Stone Mining
28:17 Imperial Age
25:36 Loom
26:06 Hand Cart
25:36 Town Watch
26:48 Scale Barding Armor
26:54 Forging
26:57 Bloodlines
27:38 Husbandry
28:01 Chain Barding Armor
28:25 Heavy Plow
28:01 Cavalier
29:53 Plate Barding Armor
29:35 Savar
31:29 Iron Casting
33:10 Blast Furnace
The Long Dark
10:04 Feudal Age
11:45 Double-Bit Axe
12:04 Stone Mining
14:34 Castle Age
12:32 Horse Collar
16:09 Bow Saw
17:51 Heavy Plow
29:45 Imperial Age
27:21 Gold Mining
28:50 Wheelbarrow
28:00 Town Watch
28:01 Loom
29:16 Fletching
29:28 Padded Archer Armor
29:19 Fletching
30:28 Leather Archer Armor
31:09 Hand Cart
32:07 Ring Archer Armor
31:33 Bodkin Arrow
32:08 Conscription
31:59 Pirotechnia
33:42 Two-Man Saw
Ky
9:54 Feudal Age
14:36 Castle Age
12:25 Double-Bit Axe
12:22 Horse Collar
16:00 Bow Saw
15:52 Heavy Plow
19:17 Wheelbarrow
21:34 Forging
23:14 Gold Mining
24:57 Iron Casting
30:19 Scale Barding Armor
33:36 Imperial Age
31:37 Hand Cart
31:08 Loom
31:08 Town Watch
33:12 Bloodlines
33:03 Husbandry
33:28 Chain Barding Armor
JTownThunder
10:27 Feudal Age
15:39 Castle Age
15:59 Double-Bit Axe
16:56 Loom
16:53 Horse Collar
17:40 Scale Barding Armor
29:15 Bow Saw
31:15 Wheelbarrow
32:33 Forging
35:45 Imperial Age
Connection lost

Rejoining the realm…

Still unreachable

The connection could not be restored.

Session expired

The server has moved on; the page needs a fresh start.